HSSL
GRAND RAPIDS HS SUMMIT @ BROOKLINE HS WARRIORS
05/19/2030
 
TOP OF THE 1ST
Grand Rapids HS Summit batting - Pitching for Brookline HS Warriors : LHP Robert Smith
Pitching: LHP Robert Smith
Batting: RHB Tyler Long 0-0: Ground out 6-3 (Groundball, 6S)
Batting: RHB Curt Welsh 0-0: Ground out 3-1 (Groundball, 34)
Batting: RHB Harry Wade 0-0: Called Strike
0-1: Foul Ball, location: 2F
0-2: Ball
1-2: Foul Ball, location: 2F
1-2: Fly out, F8 (Flyball, 8RS)
Top of the 1st over - 0 runs, 0 hits, 0 errors, 0 left on base; Grand Rapids HS 0 - Brookline HS 0
BOTTOM OF THE 1ST
Brookline HS Warriors batting - Pitching for Grand Rapids HS Summit : LHP Chase Callahan
Pitching: LHP Chase Callahan
Batting: RHB Gilbert Bentley 0-0: Called Strike
0-1: Called Strike
0-2: SINGLE (Groundball, 56S) (infield hit)
Batting: LHB Earnest Butler 0-0: Ball
1-0: Swinging Strike
1-1: Ball
2-1: Foul Ball, location: 2F
2-2: Foul Ball, location: 2F
2-2: Fly out, F4 (Line Drive, 4M)
Batting: RHB Raúl Rivera 0-0: Ball
Gilbert Bentley steals 2nd base
1-0: Swinging Strike
1-1: Ball
2-1: Ball
3-1: Foul Ball, location: 2F
3-2: Base on Balls
Batting: RHB León Colón 0-0: Ball
1-0: Ball
Gilbert Bentley is caught stealing 3rd base
2-0: Called Strike
2-1: Ball
3-1: Base on Balls
Raúl Rivera to second
Batting: RHB Michael Mossman 0-0: Ground out 4-3 (Groundball, 4S)
Bottom of the 1st over - 0 runs, 1 hit, 0 errors, 2 left on base; Grand Rapids HS 0 - Brookline HS 0
TOP OF THE 2ND
Grand Rapids HS Summit batting - Pitching for Brookline HS Warriors : LHP Robert Smith
Batting: RHB Bob Murdock 0-0: Foul Ball, location: 2F
0-1: SINGLE (Flyball, 7S) - OUT at second base trying to stretch hit.
Batting: RHB Brian Conway 0-0: Swinging Strike
0-1: Foul Ball, location: 2F
0-2: Foul Ball, location: 2F
0-2: Foul Ball, location: 2F
0-2: Strikes out swinging
Batting: RHB Jason Holland 0-0: Ball
1-0: Ball
2-0: Foul Ball, location: 2F
2-1: Ball
3-1: Ground out 5-3 (Groundball, 56)
Top of the 2nd over - 0 runs, 1 hit, 0 errors, 0 left on base; Grand Rapids HS 0 - Brookline HS 0
BOTTOM OF THE 2ND
Brookline HS Warriors batting - Pitching for Grand Rapids HS Summit : LHP Chase Callahan
Batting: RHB Theron Lyon 0-0: Ball
1-0: Ball
2-0: Called Strike
2-1: Fly out, F7 (Flyball, 7S)
Batting: RHB Spike Lamb 0-0: Ball
1-0: Fly out, F7 (Flyball, 7)
Batting: LHB Rich Heath 0-0: Ball
1-0: Swinging Strike
1-1: Called Strike
1-2: Strikes out swinging
Bottom of the 2nd over - 0 runs, 0 hits, 0 errors, 0 left on base; Grand Rapids HS 0 - Brookline HS 0
TOP OF THE 3RD
Grand Rapids HS Summit batting - Pitching for Brookline HS Warriors : LHP Robert Smith
Batting: RHB Juan Cruz 0-0: Called Strike
0-1: Ground out 3-1 (Groundball, 34)
Batting: RHB Alfredo González 0-0: Ball
1-0: Foul Ball, location: 2F
1-1: Ground out 5-3 (Groundball, 56S)
Batting: RHB José González 0-0: Ball
1-0: Swinging Strike
1-1: Foul Ball, location: 2F
1-2: Strikes out looking
Top of the 3rd over - 0 runs, 0 hits, 0 errors, 0 left on base; Grand Rapids HS 0 - Brookline HS 0
BOTTOM OF THE 3RD
Brookline HS Warriors batting - Pitching for Grand Rapids HS Summit : LHP Chase Callahan
Batting: RHB Cole Gray 0-0: Ball
1-0: Foul Ball, location: 2F
1-1: Swinging Strike
1-2: SINGLE (Groundball, 56) (infield hit)
Batting: RHB Gilbert Bentley 0-0: Foul Ball, location: 2F
0-1: SINGLE (Groundball, 4S) (infield hit)
Cole Gray to second
Batting: LHB Earnest Butler 0-0: Called Strike
0-1: Ball
1-1: Foul Ball, location: 2F
1-2: DOUBLE (Line Drive, 89D)
Cole Gray scores
Gilbert Bentley to third
Runner from 3rd tries for Home, SAFE, no throw
Batting: RHB Raúl Rivera 0-0: Foul Ball, location: 2F
0-1: Foul Ball, location: 2F
0-2: SINGLE (Line Drive, 7S)
Earnest Butler to third
Batting: RHB León Colón 0-0: Ball
1-0: Called Strike
1-1: SINGLE (Flyball, 9LS)
Earnest Butler scores
Raúl Rivera to second
Runner from 2nd tries for 3rd, SAFE, throw made to third
Batting: RHB Michael Mossman 0-0: Ball
1-0: Foul Ball, location: 2F
1-1: Ball
2-1: Foul Ball, location: 2F
2-2: Ball
3-2: SINGLE (Line Drive, 8LS)
Raúl Rivera scores
León Colón to second
Batting: RHB Theron Lyon 0-0: Reached on error, E5 (Groundball, 5L)
León Colón to third
Michael Mossman to second
Batting: RHB Spike Lamb 0-0: Ground out 5-3 (Groundball, 56S)
León Colón scores
Michael Mossman to third
Theron Lyon to second
Batting: LHB Rich Heath 0-0: Called Strike
0-1: Ball
1-1: Ball
2-1: Ball
3-1: Base on Balls
Batting: RHB Cole Gray 0-0: Ball
1-0: Fly out, F9 (Flyball, 9S)
Batting: RHB Gilbert Bentley 0-0: Called Strike
0-1: Ball
1-1: Called Strike
1-2: Fly out, F7 (Line Drive, 7)
Bottom of the 3rd over - 5 runs, 6 hits, 1 error, 3 left on base; Grand Rapids HS 0 - Brookline HS 5
TOP OF THE 4TH
Grand Rapids HS Summit batting - Pitching for Brookline HS Warriors : LHP Robert Smith
Batting: RHB Tyler Long 0-0: Called Strike
0-1: Ball
1-1: Swinging Strike
1-2: Foul Ball, location: 2F
1-2: Ball
2-2: Strikes out looking
Batting: RHB Curt Welsh 0-0: Foul Ball, location: 2F
0-1: Ball
1-1: Foul Ball, location: 2F
1-2: Foul Ball, location: 2F
1-2: Strikes out looking
Batting: RHB Harry Wade 0-0: Ground out U3 (Groundball, 3)
Top of the 4th over - 0 runs, 0 hits, 0 errors, 0 left on base; Grand Rapids HS 0 - Brookline HS 5
BOTTOM OF THE 4TH
Brookline HS Warriors batting - Pitching for Grand Rapids HS Summit : LHP Chase Callahan
Batting: LHB Earnest Butler 0-0: Called Strike
0-1: Foul Ball, location: 2F
0-2: Ball
1-2: Strikes out swinging
Batting: RHB Raúl Rivera 0-0: DOUBLE (Line Drive, 7LM)
Batting: RHB León Colón 0-0: Ball
1-0: Ball
2-0: Ball
3-0: Called Strike
3-1: Foul Ball, location: 2F
3-2: SINGLE (Popup, 5D)
Raúl Rivera to third
Pitching: RHP Louis Buck
Batting: RHB Michael Mossman 0-0: Called Strike
0-1: Swinging Strike
0-2: Strikes out swinging
Batting: RHB Theron Lyon 0-0: Foul Ball, location: 2F
0-1: Swinging Strike
0-2: Ball
1-2: Ball
2-2: Strikes out swinging
Bottom of the 4th over - 0 runs, 2 hits, 0 errors, 2 left on base; Grand Rapids HS 0 - Brookline HS 5
TOP OF THE 5TH
Grand Rapids HS Summit batting - Pitching for Brookline HS Warriors : LHP Robert Smith
Batting: RHB Bob Murdock 0-0: Ball
1-0: Ball
2-0: Fly out, F8 (Flyball, 89M)
Batting: RHB Brian Conway 0-0: Ball
1-0: Foul Ball, location: 2F
1-1: Called Strike
1-2: Ball
2-2: Foul Ball, location: 2F
2-2: SINGLE (Groundball, 4D)
Batting: RHB Jason Holland 0-0: Foul Ball, location: 2F
0-1: Ball
1-1: Ball
2-1: Foul Ball, location: 2F
2-2: Ball
3-2: Foul Ball, location: 2F
3-2: SINGLE (Line Drive, 6MD)
Brian Conway to second
Batting: RHB Juan Cruz 0-0: Called Strike
0-1: Foul Ball, location: 2F
0-2: Ball
1-2: Ball
2-2: Ball
3-2: Base on Balls
Brian Conway to third
Jason Holland to second
Batting: RHB Alfredo González 0-0: Called Strike
0-1: Ball
1-1: Ball
2-1: Called Strike
2-2: Ground out 5-3 (Groundball, 56S)
Brian Conway scores
Jason Holland to third
Juan Cruz to second
Batting: RHB José González 0-0: Ball
1-0: Ball
2-0: Called Strike
2-1: SINGLE (Groundball, 6S) (infield hit)
Jason Holland scores
Juan Cruz to third
Batting: RHB Tyler Long 0-0: Called Strike
0-1: Ball
1-1: SINGLE (Groundball, 4D)
Juan Cruz scores
José González to second
Runner from 2nd tries for 3rd, SAFE, no throw
Batting: RHB Curt Welsh 0-0: Ball
1-0: Fly out, F8 (Line Drive, 8LM)
Top of the 5th over - 3 runs, 4 hits, 0 errors, 2 left on base; Grand Rapids HS 3 - Brookline HS 5
BOTTOM OF THE 5TH
Brookline HS Warriors batting - Pitching for Grand Rapids HS Summit : RHP Louis Buck
Batting: RHB Spike Lamb 0-0: Called Strike
0-1: Swinging Strike
0-2: Foul Ball, location: 2F
0-2: Ball
1-2: Ball
2-2: Ground out 3-1 (Groundball, 34S)
Batting: LHB Rich Heath 0-0: Called Strike
0-1: Ball
1-1: Ground out 4-3 (Groundball, 34)
Batting: RHB Cole Gray 0-0: SINGLE (Line Drive, 8LS)
Batting: RHB Gilbert Bentley 0-0: Ball
1-0: Foul Ball, location: 2F
1-1: Ball
2-1: Foul Ball, location: 2F
2-2: Ball
3-2: Foul Ball, location: 2F
3-2: SINGLE (Groundball, 6MD)
Cole Gray to second
Cole Gray to third
Batting: LHB Earnest Butler 0-0: Ball
1-0: Called Strike
1-1: Ball
2-1: Foul Ball, location: 2F
2-2: Foul Ball, location: 2F
2-2: Ball
3-2: Strikes out swinging
Bottom of the 5th over - 0 runs, 2 hits, 0 errors, 2 left on base; Grand Rapids HS 3 - Brookline HS 5
TOP OF THE 6TH
Grand Rapids HS Summit batting - Pitching for Brookline HS Warriors : LHP Robert Smith
Batting: RHB Harry Wade 0-0: Foul Ball, location: 2F
0-1: Foul Ball, location: 2F
0-2: Ball
1-2: Ball
2-2: Foul Ball, location: 2F
2-2: Ball
3-2: Foul Ball, location: 2F
3-2: Foul Ball, location: 2F
3-2: Reached on error, E4 (Groundball, 4)
Pitching: RHP Max Brewer
Batting: RHB Bob Murdock 0-0: Ball
1-0: Ball
2-0: Ball
3-0: Base on Balls
Harry Wade to second
Batting: RHB Brian Conway 0-0: Ball
1-0: Ball
2-0: Called Strike
2-1: Ball
3-1: Base on Balls
Harry Wade to third
Bob Murdock to second
Batting: RHB Jason Holland 0-0: Foul Ball, location: 2F
0-1: Ball
1-1: Foul Ball, location: 2F
1-2: Strikes out looking
Batting: RHB Juan Cruz 0-0: Called Strike
0-1: Ball
1-1: Swinging Strike
1-2: Ball
2-2: Ball
3-2: Base on Balls
Harry Wade scores
Bob Murdock to third
Brian Conway to second
Batting: RHB Alfredo González 0-0: Called Strike
0-1: Ball
1-1: SINGLE (Groundball, 6D)
Bob Murdock scores
Brian Conway to third
Juan Cruz to second
Runner from 3rd tries for Home, SAFE, no throw
Batting: RHB José González 0-0: Ball
1-0: Ground out U3 (Groundball, 34S)
Juan Cruz to third
Alfredo González to second
Batting: RHB Tyler Long 0-0: Intentional Walk
Batting: RHB Curt Welsh 0-0: Called Strike
0-1: Called Strike
0-2: Foul Ball, location: 2F
0-2: Ball
1-2: Ball
2-2: Strikes out swinging
Top of the 6th over - 3 runs, 1 hit, 1 error, 3 left on base; Grand Rapids HS 6 - Brookline HS 5
BOTTOM OF THE 6TH
Brookline HS Warriors batting - Pitching for Grand Rapids HS Summit : RHP Louis Buck
Batting: RHB Raúl Rivera 0-0: Foul Ball, location: 2F
0-1: Fly out, F9 (Flyball, 9S)
Batting: RHB León Colón 0-0: SINGLE (Groundball, 34D)
Batting: RHB Michael Mossman 0-0: Foul Ball, location: 2F
0-1: Called Strike
0-2: Strikes out swinging
Batting: RHB Theron Lyon 0-0: Ball
1-0: Ball
2-0: Called Strike
2-1: Swinging Strike
2-2: Fly out, F9 (Flyball, 9)
Bottom of the 6th over - 0 runs, 1 hit, 0 errors, 1 left on base; Grand Rapids HS 6 - Brookline HS 5
TOP OF THE 7TH
Grand Rapids HS Summit batting - Pitching for Brookline HS Warriors : RHP Max Brewer
Pitching: LHP Stan Dwyer
Batting: RHB Harry Wade 0-0: Ball
1-0: Ball
2-0: Fly out, F9 (Line Drive, 9)
Batting: RHB Bob Murdock 0-0: Called Strike
0-1: SINGLE (Line Drive, 4M)
Batting: RHB Brian Conway 0-0: Ball
1-0: Foul Ball, location: 2F
1-1: Foul Ball, location: 2F
1-2: Ball
2-2: Ball
3-2: Base on Balls
Bob Murdock to second
Batting: RHB Jason Holland 0-0: Ball
1-0: Foul Ball, location: 2F
1-1: Foul Ball, location: 2F
1-2: Foul Ball, location: 2F
1-2: Ball
2-2: Ball
3-2: SINGLE (Line Drive, 9S)
Bob Murdock to third
Brian Conway to second
Batting: RHB Juan Cruz 0-0: Called Strike
0-1: Called Strike
0-2: Strikes out swinging
Batting: RHB Alfredo González 0-0: Ball
1-0: Ground out 1-3 (Groundball, 15S)
Top of the 7th over - 0 runs, 2 hits, 0 errors, 3 left on base; Grand Rapids HS 6 - Brookline HS 5
BOTTOM OF THE 7TH
Brookline HS Warriors batting - Pitching for Grand Rapids HS Summit : RHP Louis Buck
Pitching: RHP Tim Garrett
Batting: RHB Spike Lamb 0-0: Ball
1-0: Swinging Strike
1-1: Ball
2-1: Foul Ball, location: 2F
2-2: Foul Ball, location: 2F
2-2: Foul Ball, location: 2F
2-2: Ball
3-2: Base on Balls
Pitching: RHP Thomas Parker
Batting: LHB Rich Heath 0-0: Called Strike
Spike Lamb is caught stealing 2nd base
0-1: Ball
1-1: Ball
2-1: Foul Ball, location: 2F
2-2: Strikes out swinging
Batting: RHB Cole Gray 0-0: Called Strike
0-1: Called Strike
0-2: Ball
1-2: Ball
2-2: SINGLE (Groundball, 4MD)
Batting: RHB Gilbert Bentley 0-0: Called Strike
0-1: Called Strike
0-2: SINGLE (Groundball, 34D)
Cole Gray to second
Cole Gray to third
Batting: LHB Earnest Butler 0-0: Foul Ball, location: 2F
0-1: Ball
1-1: Foul Ball, location: 2F
1-2: Ball
2-2: SINGLE (Groundball, 6MD)
Cole Gray scores
Gilbert Bentley to second
Runner from 2nd tries for 3rd, SAFE, no throw
Batting: RHB Raúl Rivera 0-0: Foul Ball, location: 2F
0-1: Foul Ball, location: 2F
0-2: Strikes out swinging
Bottom of the 7th over - 1 run, 3 hits, 0 errors, 2 left on base; Grand Rapids HS 6 - Brookline HS 6
TOP OF THE 8TH
Grand Rapids HS Summit batting - Pitching for Brookline HS Warriors : LHP Stan Dwyer
Batting: RHB José González 0-0: Fly out, F3 (Popup, 3F)
Batting: RHB Tyler Long 0-0: Foul Ball, location: 2F
0-1: Ball
1-1: Foul Ball, location: 2F
1-2: Ball
2-2: Ground out 6-3 (Groundball, 6)
Batting: RHB Curt Welsh 0-0: Called Strike
0-1: Ball
1-1: Ball
2-1: Called Strike
2-2: Strikes out swinging
Top of the 8th over - 0 runs, 0 hits, 0 errors, 0 left on base; Grand Rapids HS 6 - Brookline HS 6
BOTTOM OF THE 8TH
Brookline HS Warriors batting - Pitching for Grand Rapids HS Summit : RHP Thomas Parker
Pitching: RHP Marvin Harrison
Batting: RHB León Colón 0-0: Called Strike
0-1: Ball
1-1: Ground out 6-3 (Groundball, 6)
Batting: RHB Michael Mossman 0-0: Foul Ball, location: 2F
0-1: Ball
1-1: Foul Ball, location: 2F
1-2: Foul Ball, location: 2F
1-2: Ground out 4-3 (Groundball, 4)
Batting: RHB Theron Lyon 0-0: Foul Ball, location: 2F
0-1: Swinging Strike
0-2: Foul Ball, location: 2F
0-2: Strikes out swinging
Bottom of the 8th over - 0 runs, 0 hits, 0 errors, 0 left on base; Grand Rapids HS 6 - Brookline HS 6
TOP OF THE 9TH
Grand Rapids HS Summit batting - Pitching for Brookline HS Warriors : LHP Stan Dwyer
Batting: RHB Harry Wade 0-0: Called Strike
0-1: Called Strike
0-2: Ball
1-2: SINGLE (Groundball, 6D)
Batting: RHB Bob Murdock 0-0: Ball
1-0: Ball
2-0: Foul Ball, location: 2F
2-1: Foul Ball, location: 2F
2-2: Fly out, F3 (Popup, 34S)
Batting: RHB Brian Conway 0-0: Ball
1-0: Fly out, F7 (Flyball, 78D)
Batting: RHB Jason Holland 0-0: Ball
1-0: Foul Ball, location: 2F
1-1: Foul Ball, location: 2F
1-2: Strikes out looking
Top of the 9th over - 0 runs, 1 hit, 0 errors, 1 left on base; Grand Rapids HS 6 - Brookline HS 6
BOTTOM OF THE 9TH
Brookline HS Warriors batting - Pitching for Grand Rapids HS Summit : RHP Marvin Harrison
Batting: RHB Spike Lamb 0-0: Foul Ball, location: 2F
0-1: Ground out 6-3 (Groundball, 6)
Batting: LHB Rich Heath 0-0: Called Strike
0-1: Swinging Strike
0-2: Foul Ball, location: 2F
0-2: Strikes out swinging
Batting: RHB Cole Gray 0-0: Ball
1-0: Called Strike
1-1: Foul Ball, location: 2F
1-2: Foul Ball, location: 2F
1-2: Ball
2-2: Foul Ball, location: 2F
2-2: Strikes out looking
Bottom of the 9th over - 0 runs, 0 hits, 0 errors, 0 left on base; Grand Rapids HS 6 - Brookline HS 6
TOP OF THE 10TH
Grand Rapids HS Summit batting - Pitching for Brookline HS Warriors : LHP Stan Dwyer
Batting: RHB Juan Cruz 0-0: Ball
1-0: Ground out 4-3 (Groundball, 34)
Batting: RHB Alfredo González 0-0: Ground out 6-3 (Groundball, 6)
Batting: RHB José González 0-0: Ball
1-0: Ball
2-0: Foul Ball, location: 2F
2-1: Ball
3-1: Base on Balls
Pitching: RHP Dale Snyder
Batting: RHB Tyler Long 0-0: Foul Ball, location: 2F
0-1: Foul Ball, location: 2F
0-2: Strikes out swinging
Top of the 10th over - 0 runs, 0 hits, 0 errors, 1 left on base; Grand Rapids HS 6 - Brookline HS 6
BOTTOM OF THE 10TH
Brookline HS Warriors batting - Pitching for Grand Rapids HS Summit : RHP Marvin Harrison
Batting: RHB Gilbert Bentley 0-0: Ball
1-0: Called Strike
1-1: Ball
2-1: Foul Ball, location: 2F
2-2: Ball
3-2: SOLO HOME RUN (Flyball, 7D), Distance : 411 ft
Saturday, April 7th, 2018 - OOTP Baseball 18.8 Build 76